[Event "Early-Titled-Tuesday-Blitz-November-28-2023"]
[Site "Chess.com"]
[Date "2023.11.28"]
[Round "10"]
[White "ArtemDyachuk"]
[Black "elohunter1999"]
[Result "0-1"]
[WhiteElo "2536"]
[BlackElo "2737"]
[TimeControl "180+1"]
[EndTime "10:01:50 PST"]
[Termination "elohunter1999 won by checkmate"]

1. d4 d5 2. c4 c6 3. Nc3 Nf6 4. Nf3 dxc4 5. e3 b5 6. a4 b4 7. Na2 a5 8. Bxc4 e6 9. O-O Bb7 10. Qe2 Nbd7 11. b3 c5 12. dxc5 Bxc5 13. Bb2 O-O 14.
Rfd1 Qe7 15. Nc1 Rfd8 16. Nd3 Bd6 17. Nd4 Rac8 18. Nb5 Bb8 19. Rac1 Ne4 20. Nf4 Ne5 21. Rxd8+ Rxd8 22. Nd4 Nxc4 23. Qxc4 Nd6 24. Nc6 Nxc4 25. Nxe7+ Kf8 26. bxc4 Kxe7 27. Bxg7 Bc6 28. Nh5 Rd2 29. Bf6+ Ke8 30. Bd4 Bxa4 31. Nf6+ Ke7 32. Nxh7 Rd1+ 33. Rxd1 Bxd1 34. f3 a4 35. c5 a3 36.
c6 Ba4 37. Bc5+ Bd6 38. c7 Bd7 39. Bd4 b3 40. Nf6 b2 41. Ng8+ Kf8 42. Nf6 b1=Q+ 43. Kf2 Qc2+ 44. Kf1 Bb5+ 45. Kg1 Qd1+ 46. Kf2 Qf1# 0-1

[Event "Early-Titled-Tuesday-Blitz-November-28-2023"]
[Site "Chess.com"]
[Date "2023.11.28"]
[Round "10"]
[White "DvaHrasta"]
[Black "Aradhya2000"]
[Result "1/2-1/2"]
[WhiteElo "2527"]
[BlackElo "2708"]
[TimeControl "180+1"]
[EndTime "10:01:51 PST"]
[Termination "Game drawn by repetition"]

1. c4 Nf6 2. g3 e6 3. Bg2 d5 4.
Nf3 Be7 5. O-O O-O 6. d4 dxc4 7. Ne5 Nc6 8. Bxc6 bxc6 9. Nxc6 Qe8 10. Nxe7+ Qxe7 11. Na3 e5 12. dxe5 Qxe5 13. Nxc4 Qe4 14. Qd3 Qc6 15. f3 Ba6 16. b3 Rad8 17. Qc2 Rfe8 18.
e4 Nd7 19. Be3 Ne5 20. Rac1 Bxc4 21. bxc4 Rd3 22. Qe2 Red8 23. Rfd1 Qd7 24. Rxd3 Qxd3 25. Qxd3 Rxd3 26. Kf2 Ra3 27. Rc2 Nd3+ 28. Ke2 Nb4 29. Rb2 a5 30. Bc5 f6 31. Bxb4 axb4 32. Rxb4 Rxa2+ 33. Ke3 Ra3+ 34. Kf4 Rc3 35. h4 Kf7 36. g4 c5 37. Ra4 h6 38. h5 Kg8 39. e5 fxe5+ 40.
Ke4 Kh7 41. Kxe5 Rxf3 42. Kd5 Rf4 43. Kxc5 Rxg4 44. Kb5 Rg5+ 45. c5 Rxh5 46. Kb6 Rh2 47. Rc4 Rb2+ 48. Ka7 Ra2+ 49. Kb7 Rb2+ 50. Ka7 Ra2+ 51.
Kb7 Rb2+ 52. Ka7 1/2-1/2

[Event "Early-Titled-Tuesday-Blitz-November-28-2023"]
[Site "Chess.com"]
[Date "2023.11.28"]
[Round "10"]
[White "CristianS27"]
[Black "KaydenTroffChess"]
[Result "0-1"]
[WhiteElo "2591"]
[BlackElo "2788"]
[TimeControl "180+1"]
[EndTime "10:01:56 PST"]
[Termination "KaydenTroffChess won by checkmate"]

1. e4 c5 2. Nf3 g6 3. d4 cxd4 4. Nxd4 Bg7 5. Nc3 Nc6 6. Be3 Nf6 7. Bc4 O-O 8. Bb3 Re8 9. O-O d6 10. h3 a6 11. Re1 Na5 12. Qd2 b5 13. Bh6 Bb7 14.
Rad1 Qc7 15. Bxg7 Kxg7 16. Nd5 Bxd5 17. exd5 Rac8 18. Qg5 Kh8 19. c3 Ng8 20. h4 Nc4 21.
Bxc4 Qxc4 22. Nc6 e5 23. h5 Kg7 24. Re3 Qf4 25. Qxf4 exf4 26. Ree1 gxh5 27. Kf1 Rxe1+ 28. Rxe1 Nf6 29. Ne7 Rc5 30. Nf5+ Kg6 31. Ne7+ Kg5 32. f3 Nxd5 33. Ng8 Ne3+ 34. Kf2 Rd5 35. Re2 Rd1 36. g3 Rf1# 0-1

[Event "Early-Titled-Tuesday-Blitz-November-28-2023"]
[Site "Chess.com"]
[Date "2023.11.28"]
[Round "10"]
[White "Aguiar94"]
[Black "ilushka"]
[Result "1-0"]
[WhiteElo "2608"]
[BlackElo "2407"]
[TimeControl "180+1"]
[EndTime "10:01:56 PST"]
[Termination "Aguiar94 won on time"]

1. e4 e5 2. Nf3 Nc6 3. Nc3 Nf6 4. Bb5 d6 5. d4 exd4 6. Nxd4 Bd7 7. O-O Be7 8. Bxc6 bxc6 9. Bf4 O-O 10. e5 dxe5 11.
Bxe5 Nd5 12. Nxd5 cxd5 13. Nb3 Be6 14. Qd4 f6 15. Bg3 Re8 16. Rfe1 Bf7 17. Red1 Qc8 18. Nc5 Bd6 19. b3 Qf5 20. Rac1 Bxg3 21. hxg3 Re2 22. Qf4 Qxf4 23. gxf4 Rae8 24. a4 c6 25. g3 Bh5 26. Kg2 R8e3 27. Rd3 Bf3+ 28. Kf1 Rxd3 29.
cxd3 Rb2 30. Re1 Kf7 31. Kg1 Rc2 32. d4 h5 33. f5 Bg4 34. Re6 Bf3 35. Re1 Bg4 36.
Kg2 Bxf5 37. Kf3 g5 38. Rf1 h4 39. gxh4 gxh4 40. Kf4 1-0

[Event "Early-Titled-Tuesday-Blitz-November-28-2023"]
[Site "Chess.com"]
[Date "2023.11.28"]
[Round "10"]
[White "BarloNadera"]
[Black "Kotofeyca"]
[Result "0-1"]
[WhiteElo "2172"]
[BlackElo "2444"]
[TimeControl "180+1"]
[EndTime "10:01:56 PST"]
[Termination "Kotofeyca won on time"]

1. d4 d5 2. Nf3 c6 3. c4 Nf6 4.
Qc2 Bg4 5. Ne5 Bh5 6. Bf4 e6 7. e3 Nbd7 8. Nc3 Nxe5 9. Bxe5 Bd6 10. Bg3 Bg6 11. Qb3 Rb8 12. Be2 O-O 13. Rc1 dxc4 14. Bxc4 Ne4 15. Nxe4 Bxe4 16. Bxe6 Bxg2 17. Rg1 Be4 18.
Bc4 b5 19. Bd3 Bd5 20. Qc2 g6 21. b3 Rc8 22. e4 Re8 23. Kf1 Be6 24. f4 Bh3+ 25.
Kf2 Ba3 26. Qc3 b4 27. Qc5 Bxc1 28. Rxc1 a5 29. f5 Qg5 30. Qc2 Rcd8 31. Rg1 Rxd4 32. Be5 Qh4+ 33. Bg3 Qh6 0-1

[Event "Early-Titled-Tuesday-Blitz-November-28-2023"]
[Site "Chess.com"]
[Date "2023.11.28"]
[Round "10"]
[White "EvgenyBurmakin"]
[Black "mbachez"]
[Result "1-0"]
[WhiteElo "2444"]
[BlackElo "2565"]
[TimeControl "180+1"]
[EndTime "10:02:00 PST"]
[Termination "EvgenyBurmakin won on time"]

1. e4 c6 2. Nc3 d5 3. Nf3 dxe4 4. Nxe4 Nf6 5. Qe2 Nxe4 6. Qxe4 Be6 7. c4 g6 8. Qe5 Rg8 9. d4 Bg7 10. Qe3 Bg4 11. Ne5 Bxe5 12. Qxe5 Nd7 13. Qe3 Qb6 14. Qc3 Nf6 15. Bd3 Bf5 16. Be3 Bxd3 17. Qxd3 O-O-O 18. O-O-O Qa6 19. Kb1 e5 20. Bg5 Rxd4 21. Qh3+ Nd7 22. Rxd4 exd4 23. Qxh7 Rf8 24. Be7 Qxc4 25. Bxf8 d3 26.
Bh6 Qe4 27. Qh8+ Kc7 28. Qc3 Ne5 29. Rd1 Qe2 30. Qd2 Qh5 31. Bf4 f6 32. Qxd3 1-0

[Event "Early-Titled-Tuesday-Blitz-November-28-2023"]
[Site "Chess.com"]
[Date "2023.11.28"]
[Round "10"]
[White "Witty_Alien"]
[Black "katharinareinecke"]
[Result "1-0"]
[WhiteElo "2237"]
[BlackElo "2004"]
[TimeControl "180+1"]
[EndTime "10:02:00 PST"]
[Termination "Witty_Alien won on time"]

1. e4 c6 2. d4 d5 3. Nd2 g6 4. h4 Nf6 5. e5 Nh5 6. Ngf3 Bg4 7. e6 Bxe6 8. Ng5 Bd7 9. g4 Ng7 10. h5 gxh5 11. Qf3 f6 12. gxh5 fxg5 13. h6 g4 14.
Qb3 Nf5 15. Bd3 Na6 16. Qxb7 Nc7 17. Nb3 e6 18. Bf4 Bd6 19. Be5 Bxe5 20. dxe5 Kf7 21. O-O-O a5 22. Nc5 Rb8 23. Qa7 Nb5 24. Bxb5 cxb5 25.
Nxd7 Kg6 26. Nf6 Rc8 27. Rdg1 Nxh6 28. Nxg4 Nxg4 29. Rxg4+ Kf5 30. Rhg1 Rc7 31. Qd4 1-0

[Event "Early-Titled-Tuesday-Blitz-November-28-2023"]
[Site "Chess.com"]
[Date "2023.11.28"]
[Round "10"]
[White "GeorgiosSouleidis"]
[Black "AlexTruskavetsky"]
[Result "0-1"]
[WhiteElo "2612"]
[BlackElo "2531"]
[TimeControl "180+1"]
[EndTime "10:02:01 PST"]
[Termination "AlexTruskavetsky won by resignation"]

1. e4 c5 2. Nf3 Nc6 3. Bc4 e6 4.
O-O d5 5. Bb5 dxe4 6. Ne5 Qc7 7.
Nxc6 bxc6 8. Bc4 Bd7 9. Nc3 f5 10. f3 Bd6 11. fxe4 Bxh2+ 12. Kh1 Be5 13. exf5 exf5 14. Qe2 O-O-O 15. d3 Nf6 16. Be3 Ng4 17. Bg1 Bd4 18. g3 Qxg3 19. Ba6+ Kc7 20. Bxd4 cxd4 21.
Na4 Be6 22. c4 Qh3+ 23. Kg1 Rhe8 24. Rf3 Qh6 25. Qg2 Qg6 26. b3 h5 27. Qg3+ Ne5 28.
Qxg6 Nxg6 29. Rg3 Bf7 30. Rf1 f4 31. Rg5 Re3 32. Rf5 Rd7 33. Nc5 Rde7 34. b4 h4 35. b5 h3 36. Nb3 Rxd3 37. bxc6 Rg3+ 38. Kh2 Re2+ 39. Kh1 Be6 40. Rg5 Rxg5 41. Nc5 Rxc5 42. Bb5 Rxb5 43. cxb5 Bd5+ 0-1

[Event "Early-Titled-Tuesday-Blitz-November-28-2023"]
[Site "Chess.com"]
[Date "2023.11.28"]
[Round "10"]
[White "AndresDelgado77"]
[Black "juniortay"]
[Result "0-1"]
[WhiteElo "2289"]
[BlackElo "2515"]
[TimeControl "180+1"]
[EndTime "10:02:02 PST"]
[Termination "juniortay won on time"]

1. e4 c5 2. Nf3 d6 3. d4 cxd4 4.
Qxd4 a6 5. Bg5 Nc6 6. Qd2 h6 7. Bh4 g5 8. Bg3 Bg7 9. Nc3 Qa5 10. Bc4 Qb4 11. Bb3 Bxc3 12. bxc3 Qxe4+ 13. Kf1 Nf6 14. Re1 Qf5 15. Bxd6 O-O 16. Ba3 Be6 17. Nd4 Nxd4 18. cxd4 Rae8 19. Re5 Qg6 20. Bxe6 fxe6 21. Rxe6 Qf7 22.
Re1 Nd5 23. c4 Nf4 24. g3 Nh3 25. f4 Qxc4+ 26. Kg2 g4 27. Qe2 Qd5+ 28. Qe4 Qxa2+ 29. Re2 Qf7 30. Bb2 Qf5 31. Qxb7 Nxf4+ 32. gxf4 Qxf4 33.
Rf1 Qxf1+ 0-1

[Event "Early-Titled-Tuesday-Blitz-November-28-2023"]
[Site "Chess.com"]
[Date "2023.11.28"]
[Round "10"]
[White "crazy_m_attack"]
[Black "Willi_Skibbe"]
[Result "0-1"]
[WhiteElo "2433"]
[BlackElo "2304"]
[TimeControl "180+1"]
[EndTime "10:02:04 PST"]
[Termination "Willi_Skibbe won by resignation"]

1. e4 e6 2. d4 d5 3. Nc3 Nf6 4. e5 Nfd7 5. Nce2 c5 6. c3 Nc6 7. f4 Be7 8. Nf3 O-O 9. a3 b5 10. g4 f6 11. Bg2 fxe5 12. fxe5 Bh4+ 13. Ng3 b4 14. axb4 cxb4 15. O-O bxc3 16. bxc3 Be7 17. Qa4 Qc7 18. Ng5 Nb6 19. Rxf8+ Bxf8 20. Qc2 g6 21. Qf2 Nc4 22. Bf1 N6a5 23. Bf4 h6 24. Nf3 g5 25. Be3 Nxe3 26. Qxe3 Nc4 27. Bxc4 dxc4 28.
Ne4 Bg7 29. h4 gxh4 30. Nxh4 Bb7 31. Rf1 Qc6 32. Ng3 a5 33. Kh2 a4 34. Nh5 Qe4 35.
Nxg7 Qxe3 36. Nh5 Qe2+ 37. Kg1 Qxg4+ 38. Kf2 Qxh4+ 0-1

[Event "Early-Titled-Tuesday-Blitz-November-28-2023"]
[Site "Chess.com"]
[Date "2023.11.28"]
[Round "10"]
[White "djano"]
[Black "nindjaxx8"]
[Result "0-1"]
[WhiteElo "2566"]
[BlackElo "2473"]
[TimeControl "180+1"]
[EndTime "10:02:05 PST"]
[Termination "nindjaxx8 won by checkmate"]

1. c4 e6 2. Nf3 d5 3. e3 Nf6 4.
b3 Be7 5. Bb2 O-O 6. Qc2 b6 7.
cxd5 exd5 8. Ng5 g6 9. Bd3 c5 10.
h4 Nc6 11. a3 Nh5 12. Nc3 Bf6 13. Ne2 d4 14. f4 dxe3 15. O-O-O Bxb2+ 16. Kxb2 Qf6+ 17.
Ka2 exd2 18. Qxd2 Rd8 19. Ne4 Qg7 20. Qe3 Bf5 21. N2c3 a5 22. Rhg1 Nb4+ 23. axb4 axb4+ 24. Na4 Be6 25. Bb5 c4 26. Rxd8+ Rxd8 27. Qxb6 cxb3+ 28. Kb1 Rf8 29. Re1 Nxf4 30. Qe3 Nd5 31. Qxb3 Nc3+ 32. Qxc3 bxc3 33. Naxc3 Rb8 34. Kc1 Qd4 35. Rd1 Qe3+ 36. Kb2 Bf5 37. Ka3 Bxe4 38. Rd7 Qxc3+ 39. Ka4 Bc2# 0-1

[Event "Early-Titled-Tuesday-Blitz-November-28-2023"]
[Site "Chess.com"]
[Date "2023.11.28"]
[Round "10"]
[White "lefonghua"]
[Black "HATilay"]
[Result "1-0"]
[WhiteElo "2710"]
[BlackElo "2521"]
[TimeControl "180+1"]
[EndTime "10:02:07 PST"]
[Termination "lefonghua won on time"]

1. d4 Nf6 2. c4 e6 3. Nc3 Bb4 4. f3 c5 5. a3 Bxc3+ 6. bxc3 O-O 7. e4 Ne8 8. Bd3 b6 9. Qe2 Nc6 10. Be3 Ba6 11. Nh3 Na5 12. O-O Rc8 13. Rac1 d5 14.
cxd5 Bxd3 15. Qxd3 exd5 16. e5 Nc4 17. f4 f5 18.
dxc5 Nxe3 19. Qxe3 Rxc5 20. Ng5 Qe7 21. Rfd1 Nc7 22.
Rd3 Rc8 23. Rcd1 Rc4 24. Nf3 Re4 25. Qd2 Qxa3 26. Nd4 Qc5 27. Kh1 Rd8 28. Nxf5 Rf8 29.
Nd4 Rexf4 30. h3 Rf1+ 31. Rxf1 Rxf1+ 32. Kh2 Rf8 33. Rg3 Qe7 34. Qe3 Ne6 35. Nb5 Nc5 36. Nd6 Qe6 37. Qg5 Qd7 38. Nf5 Ne6 39. Qh5 Kh8 40.
Qg4 Qf7 41. Ne3 Nc5 42. Rf3 Qe7 43. Nxd5 Qxe5+ 44. Nf4 1-0

[Event "Early-Titled-Tuesday-Blitz-November-28-2023"]
[Site "Chess.com"]
[Date "2023.11.28"]
[Round "10"]
[White "nuadvaga"]
[Black "Elbebiber"]
[Result "0-1"]
[WhiteElo "2255"]
[BlackElo "2124"]
[TimeControl "180+1"]
[EndTime "10:02:07 PST"]
[Termination "Elbebiber won by checkmate"]

1. e4 c6 2. c4 d5 3. exd5 cxd5 4.
d4 Nf6 5. Nc3 Nc6 6. Nf3 Bg4 7.
Be3 Qa5 8. a3 e6 9. Be2 dxc4 10.
Bxc4 Be7 11. O-O O-O 12. b4 Qh5 13. Be2 Nd5 14. Nxd5 exd5 15. b5 Na5 16. h3 Be6 17.
a4 Nc4 18. Ne5 Qh4 19. Nxc4 dxc4 20. d5 Bf5 21. Rc1 Rac8 22. Bxa7 Bd6 23. Be3 Bxh3 24. gxh3 Qxh3 25. f4 Qxe3+ 26. Kg2 Rfe8 27. Bg4 Rcd8 28.
Rf3 Qe7 29. Rxc4 Qh4 30. Rh3 Qf6 31. Qd3 h6 32. Re4 Rxe4 33. Qxe4 Qb2+ 34. Kg3 Qc3+ 35.
Kh2 Qd2+ 36. Kg3 Qc3+ 37. Qf3 Qd4 38. Rh2 Re8 39. Re2 Rxe2 40. Qxe2 Qxf4+ 41. Kh3 Qg3# 0-1

[Event "Early-Titled-Tuesday-Blitz-November-28-2023"]
[Site "Chess.com"]
[Date "2023.11.28"]
[Round "10"]
[White "Chessmissile07"]
[Black "Sadykov_Ramil"]
[Result "0-1"]
[WhiteElo "2844"]
[BlackElo "2719"]
[TimeControl "180+1"]
[EndTime "10:02:10 PST"]
[Termination "Sadykov_Ramil won by checkmate"]

1. a3 c5 2. Nf3 Nc6 3. c4 Nf6 4. g3 d5 5. cxd5 Nxd5 6. Bg2 e5 7. O-O Be7 8. d3 Be6 9. Nc3 f6 10. Bd2 O-O 11. Rc1 Rc8 12. Nxd5 Bxd5 13. Bc3 Qd7 14. Nd2 Rfd8 15. Bxd5+ Qxd5 16. Qa4 a6 17. b4 b5 18. Qxa6 cxb4 19. Bxb4 Nxb4 20. Qxc8 Nxd3 21. Qc7 Nxc1 22. Rxc1 Qxd2 23. e3 Bxa3 24. Ra1 b4 25. h4 h5 26. Qc4+ Qd5 27. Qe2 e4 28. Qc2 Kh7 29.
Qc7 Kh6 30. Qf4+ Kg6 31. Qc7 Qe5 32. Qxd8 Qxa1+ 33. Kg2 Qe5 34. f4 exf3+ 35. Kxf3 b3 36. g4 hxg4+ 37. Kg2 b2 38. Qd3+ Qf5 39. h5+ Kg5 40.
Qd2 Qf3+ 41. Kh2 Qh3+ 42. Kg1 b1=Q+ 43. Kf2 Qh2# 0-1

[Event "Early-Titled-Tuesday-Blitz-November-28-2023"]
[Site "Chess.com"]
[Date "2023.11.28"]
[Round "10"]
[White "OK97"]
[Black "RobertJFischer71"]
[Result "1-0"]
[WhiteElo "2791"]
[BlackElo "2640"]
[TimeControl "180+1"]
[EndTime "10:02:10 PST"]
[Termination "OK97 won by resignation"]

1. e4 e5 2. Nf3 Nc6 3. Bb5 a6 4. Ba4 Nf6 5. O-O b5 6. Bb3 Bc5 7.
a4 Rb8 8. c3 d6 9. d4 Bb6 10. a5 Ba7 11. h3 Bb7 12. Be3 Ra8 13. Nbd2 O-O 14. Re1 h6 15. Qc2 Re8 16. Nf1 exd4 17.
cxd4 Nxe4 18. Rec1 d5 19. Qd1 Rc8 20. N1h2 Nb4 21.
Ne5 c5 22. Qh5 Rc7 23. Nhg4 Nf6 24. Nxf6+ Qxf6 25. Ng4 Qg6 26. Qxg6 fxg6 27. dxc5 Nd3 28. c6 Bxe3 29. Bxd5+ Kf8 30. Nxe3 Nxc1 31. cxb7 Ne2+ 32.
Kh2 Nf4 33. Bf3 Ne6 34. Rd1 Nd8 35. b8=Q 1-0

[Event "Early-Titled-Tuesday-Blitz-November-28-2023"]
[Site "Chess.com"]
[Date "2023.11.28"]
[Round "10"]
[White "CraiggoryC"]
[Black "amanjazu"]
[Result "0-1"]
[WhiteElo "2178"]
[BlackElo "2359"]
[TimeControl "180+1"]
[EndTime "10:02:10 PST"]
[Termination "amanjazu won on time"]

1. e4 Nf6 2. e5 Nd5 3. d4 d6 4.
Nf3 g6 5. Be2 Bg7 6. O-O O-O 7.
Nbd2 Nc6 8. exd6 cxd6 9. c3 e5 10. Nc4 e4 11. Ne1 f5 12. Qb3 Kh8 13. Ne3 Nc7 14. g3 g5 15. N3g2 h6 16. h4 Bf6 17.
hxg5 hxg5 18. Qd1 Kg7 19. Bc4 d5 20. Bb3 Ne6 21. Ne3 Ne7 22. Kg2 f4 23. Ng4 f3+ 24.
Nxf3 exf3+ 25. Qxf3 Bxd4 26. Qd3 Bf6 27. Bc2 Rh8 28.
Bxg5 Bxg5 29. Rh1 Qg8 30. Ne5 Nf8 31. Rxh8 Qxh8 32. Rh1 Qg8 33. Nf3 Bf6 34. Nd4 Neg6 0-1

[Event "Early-Titled-Tuesday-Blitz-November-28-2023"]
[Site "Chess.com"]
[Date "2023.11.28"]
[Round "10"]
[White "inagreV"]
[Black "Kotlyar_K"]
[Result "1/2-1/2"]
[WhiteElo "2426"]
[BlackElo "2634"]
[TimeControl "180+1"]
[EndTime "10:02:11 PST"]
[Termination "Game drawn by repetition"]

1. d4 Nf6 2. c4 g6 3. Nf3 Bg7 4. Nc3 d5 5. cxd5 Nxd5 6. g3 O-O 7. Bg2 c5 8. O-O Nc6 9. Nxd5 Qxd5 10. Be3 cxd4 11.
Nxd4 Qh5 12. Nxc6 bxc6 13. Bxc6 Rb8 14. Bf3 Bg4 15. Bxa7 Rxb2 16. Bd4 Rxe2 17. Bxg4 Qxg4 18. Bxg7 Kxg7 19. a4 Qe6 20. a5 Ra8 21. Ra3 f6 22. Qa1 Ra6 23. Rd1 Qf5 24. Qd4 Re5 25. h4 Raxa5 26.
Rxa5 Rxa5 27. Qd7 Qe4 28. Qd3 Qe5 29. Qd4 Qe6 30. Qd7 Qe4 31. Qd3 Qb4 32. Kg2 Re5 33. Qf3 Qc5 34. Rd3 Rf5 35. Qe3 Qc6+ 36. Kg1 Rc5 37.
Qxe7+ Kh6 38. Qe3+ Kg7 39. Qe7+ Kh6 40. Qe3+ Kg7 41.
Qe7+ 1/2-1/2

[Event "Early-Titled-Tuesday-Blitz-November-28-2023"]
[Site "Chess.com"]
[Date "2023.11.28"]
[Round "10"]
[White "KVAIDAN"]
[Black "tusplingher"]
[Result "0-1"]
[WhiteElo "2350"]
[BlackElo "2496"]
[TimeControl "180+1"]
[EndTime "10:02:12 PST"]
[Termination "tusplingher won by resignation"]

1. f4 e5 2. d3 exf4 3. Bxf4 d5 4.
Nf3 Bd6 5. Qd2 Nf6 6. Nc3 O-O 7. O-O-O Nc6 8. e4 dxe4 9. dxe4 Bxf4 10. Qxf4 Qe7 11.
Bd3 Be6 12. e5 Nd7 13. Ng5 h6 14. Nf3 Nc5 15. Ne4 Nxd3+ 16. Rxd3 Nb4 17. Re3 Nd5 18. Nf6+ Qxf6 19. exf6 Nxf4 20. fxg7 Kxg7 21. Nd4 Rad8 22. c3 c5 23. Nb5 a6 24. Nc7 Rd7 25. g3 Rxc7 26.
gxf4 Kf6 27. Re5 Rg8 28. Rh5 Rg2 29. Rxh6+ Kg7 30. Rh5 Rd7 31. Rxc5 Rdd2 32. Rg5+ Rxg5 33. fxg5 Rg2 34. h4 Bxa2 35. h5 Rxg5 36. h6+ Kh7 37.
Rh4 Be6 38. Rb4 b5 39. Rd4 Kxh6 40.
Rd6 a5 41. Ra6 a4 42. c4 Rc5 43. b3 axb3 44. Kb2 bxc4 45. Kc3 Rb5 46. Ra1 b2 47. Rb1 Rb3+ 48. Kd4 c3 49. Ke5 c2 50. Rh1+ Bh3 51.
Rf1 Bxf1 0-1

[Event "Early-Titled-Tuesday-Blitz-November-28-2023"]
[Site "Chess.com"]
[Date "2023.11.28"]
[Round "10"]
[White "HajiyevKanan"]
[Black "VladimirBugayev"]
[Result "1-0"]
[WhiteElo "2487"]
[BlackElo "2327"]
[TimeControl "180+1"]
[EndTime "10:02:13 PST"]
[Termination "HajiyevKanan won on time"]

1. d4 Nf6 2. Nf3 g6 3. c4 c5 4.
g3 cxd4 5. Nxd4 Nc6 6. Bg2 Bg7 7. O-O O-O 8. Nc3 Qa5 9. Nc2 d6 10. Bd2 Qh5 11. e4 Qxd1 12. Raxd1 Bg4 13. f3 Be6 14. b3 Nd7 15. Ne3 Bxc3 16. Bxc3 a5 17.
Nd5 Bxd5 18. exd5 Nb4 19. Rf2 Nc5 20. Re2 Rfe8 21. f4 f5 22. Bd4 b6 23. Rb2 a4 24. a3 Nbd3 25. Rbd2 axb3 26. Bf1 Nxf4 27. gxf4 Rxa3 28. Rb1 Rea8 29. Rdb2 Ra2 30. Bxc5 Rxb2 31. Rxb2 bxc5 32. Rxb3 Ra1 33. Rb7 Kf7 34. Kf2 Rc1 35.
Be2 Rh1 36. Kg2 Re1 37. Bf1 Rc1 38. h4 Rc2+ 39. Kg3 Rc3+ 40. Kf2 Rc2+ 41. Be2 Rc1 42. Rb8 Rh1 43. h5 Rh2+ 44. Ke3 Rh3+ 45. Bf3 Kf6 46. Rf8+ 1-0

[Event "Early-Titled-Tuesday-Blitz-November-28-2023"]
[Site "Chess.com"]
[Date "2023.11.28"]
[Round "10"]
[White "Olya_Oblachko"]
[Black "giomar27"]
[Result "0-1"]
[WhiteElo "2235"]
[BlackElo "2422"]
[TimeControl "180+1"]
[EndTime "10:02:14 PST"]
[Termination "giomar27 won by resignation"]

1. Nf3 a6 2. g3 b5 3. Bg2 Bb7 4.
O-O g6 5. d3 Bg7 6. e4 d6 7.
Nbd2 Nd7 8. Qe2 e6 9. Re1 Ne7 10. c3 O-O 11. Nf1 c5 12. h4 h6 13. N1h2 e5 14. Ng4 Kh7 15. h5 gxh5 16. Ne3 f5 17.
exf5 Qc7 18. Nh4 Bxg2 19. Kxg2 Nf6 20. c4 Qc6+ 21. Kg1 d5 22. cxd5 Nexd5 23. Nxd5 Qxd5 24. Qxe5 Rfe8 25. Bf4 Rxe5 26. Rxe5 Qxd3 27. Rae1 Nd5 28.
R5e4 Nxf4 29. Rxf4 Bf6 30. Ng6 Kg7 31. Re6 Qd1+ 32. Kg2 Qd5+ 33. Kh2 Rd8 34. Rxa6 c4 35. Ra7+ Rd7 36. Ra6 b4 37. Nh4 c3 38. bxc3 bxc3 39. Ra3 c2 0-1

[Event "Early-Titled-Tuesday-Blitz-November-28-2023"]
[Site "Chess.com"]
[Date "2023.11.28"]
[Round "10"]
[White "SayonaraPonytail"]
[Black "suyu28"]
[Result "1/2-1/2"]
[WhiteElo "2576"]
[BlackElo "2735"]
[TimeControl "180+1"]
[EndTime "10:02:16 PST"]
[Termination "Game drawn by repetition"]

1. e4 c5 2. Nf3 d6 3. d4 cxd4 4. Qxd4 Nc6 5. Bb5 Bd7 6. Bxc6 Bxc6 7. Nc3 Nf6 8. Bg5 e6 9. O-O-O Be7 10. Rhe1 Qa5 11.
Kb1 O-O 12. Qd2 h6 13. Nd5 Qd8 14. Nxe7+ Qxe7 15. Bh4 Rfd8 16. Nd4 g5 17. Bxg5 hxg5 18. Qxg5+ Kf8 19. Qh6+ Ke8 20. Nf5 exf5 21. exf5 Be4 22. f3 Kd7 23. fxe4 Qe5 24. Rd3 Rac8 25. Qe3 b6 26. h3 Rc4 27. Red1 Kc7 28. Qe2 Rxe4 29.
Qf1 Rf4 30. Rc3+ Kb7 31. Qh1 d5 32. g3 Rf2 33. g4 Ne4 34. Rcd3 Rc8 35. Rxd5 Rcxc2 36.
Rxe5 Rxb2+ 37. Ka1 Rxa2+ 38. Kb1 Rfb2+ 39. Kc1 Rc2+ 40.
Kb1 Rab2+ 41. Ka1 Ra2+ 42. Kb1 Rcb2+ 43. Kc1 Rc2+ 44. Kb1 1/2-1/2

[Event "Early-Titled-Tuesday-Blitz-November-28-2023"]
[Site "Chess.com"]
[Date "2023.11.28"]
[Round "10"]
[White "GrumbleBruno"]
[Black "GMthekingindian"]
[Result "0-1"]
[WhiteElo "2426"]
[BlackElo "2340"]
[TimeControl "180+1"]
[EndTime "10:02:16 PST"]
[Termination "GMthekingindian won by resignation"]

1. e4 c5 2. c3 d5 3. exd5 Qxd5 4. d4 Nc6 5. Nf3 Nf6 6. Be3 cxd4 7. cxd4 e6 8. Nc3 Qd6 9. Nb5 Qd8 10. Be2 a6 11.
Nc3 b5 12. O-O Bb7 13. Ne5 Nxe5 14. dxe5 Nd5 15. Nxd5 Qxd5 16. Qxd5 Bxd5 17. Rac1 Be7 18. b3 Kd7 19. Bc5 Bxc5 20. Rxc5 Rhc8 21. Rfc1 Rxc5 22.
Rxc5 Rc8 23. Rxc8 Kxc8 24. f3 Kc7 25. Kf2 Kc6 26. Ke3 Kc5 27. Kd2 Kd4 28. a4 bxa4 29. bxa4 a5 30. Bb5 Kxe5 31. Ke3 g5 32. g3 Kd6 33. f4 h6 34. h4 f6 35. hxg5 hxg5 36. Kd4 e5+ 37. fxe5+ fxe5+ 38. Kc3 Bc6 39. Kc4 Bxb5+ 40.
axb5 Kc7 41. Kc5 e4 42. Kd4 a4 43. Kxe4 a3 0-1

[Event "Early-Titled-Tuesday-Blitz-November-28-2023"]
[Site "Chess.com"]
[Date "2023.11.28"]
[Round "10"]
[White "DeArron_Fox"]
[Black "nitpicker"]
[Result "1-0"]
[WhiteElo "2475"]
[BlackElo "2324"]
[TimeControl "180+1"]
[EndTime "10:02:16 PST"]
[Termination "DeArron_Fox won on time"]

1. d4 Nf6 2. c4 e6 3. Nf3 d5 4.
Nc3 Bb4 5. Qa4+ Nc6 6. Qc2 O-O 7. e3 b6 8. Bd2 Bb7 9. Bd3 Be7 10. a3 Na5 11. cxd5 exd5 12. Ne5 c5 13. O-O Rc8 14. Qd1 cxd4 15. exd4 Nc4 16. Rb1 Nxd2 17. Qxd2 Ne4 18. Nxe4 dxe4 19. Bc4 Bf6 20. Qe2 Bxe5 21. dxe5 Qd4 22.
Rbc1 Qxe5 23. Rfe1 Rfd8 24. Rcd1 Qg5 25. Rxd8+ Rxd8 26. Rd1 Rxd1+ 27. Qxd1 e3 28. f3 h5 29. Qd7 e2 30. Qxf7+ Kh7 31. Qg8+ Kh6 32. Qe6+ g6 33.
Qxe2 Qc5+ 34. Kh1 Qd6 35. h3 Qg3 36. Qe3+ Kg7 37. Qe7+ Kh6 38. Qxb7 Qe1+ 39. Kh2 Qe5+ 40. Kg1 Qe1+ 41. Bf1 1-0

[Event "Early-Titled-Tuesday-Blitz-November-28-2023"]
[Site "Chess.com"]
[Date "2023.11.28"]
[Round "10"]
[White "Eloist"]
[Black "LUISMIGUELOV"]
[Result "1-0"]
[WhiteElo "2362"]
[BlackElo "2216"]
[TimeControl "180+1"]
[EndTime "10:02:17 PST"]
[Termination "Eloist won on time"]

1. e4 c5 2. Nf3 d6 3. Bb5+ Bd7 4. Bxd7+ Qxd7 5. c4 Nc6 6. d4 cxd4 7. Nxd4 g6 8.
Nc3 Bg7 9. Be3 Nf6 10. f3 Rc8 11.
b3 Nxd4 12. Bxd4 a6 13. Nd5 O-O 14. Nb6 Qc7 15. Nxc8 Rxc8 16. a4 Qa5+ 17. Kf2 Qh5 18. h4 Qa5 19. g4 h5 20. g5 Ne8 21. Bxg7 Nxg7 22. Qd4 Ne6 23. Qe3 b5 24. axb5 Qb4 25. bxa6 Nc5 26. a7 Ra8 27. Rhb1 Qb6 28. b4 Rxa7 29.
Rxa7 Qxa7 30. bxc5 Qa2+ 31. Kg3 Qxb1 32. cxd6 exd6 33.
Qd4 Qe1+ 34. Qf2 Qc3 35. Qe2 Qe5+ 36. Kg2 Qf4 37. Kh3 Kh7 38. Qf2 Kg8 39. Qg3 Qd2 40.
f4 Qd4 41. f5 1-0

[Event "Early-Titled-Tuesday-Blitz-November-28-2023"]
[Site "Chess.com"]
[Date "2023.11.28"]
[Round "10"]
[White "jamengrand"]
[Black "WindWhistler11"]
[Result "0-1"]
[WhiteElo "2288"]
[BlackElo "2561"]
[TimeControl "180+1"]
[EndTime "10:02:18 PST"]
[Termination "WindWhistler11 won on time"]

1. e4 e6 2. d4 d5 3. Nd2 Nc6 4. Bb5 Nf6 5. e5 Nd7 6. Nb3 a5 7. a4 Na7 8. Bf1 b6 9. Nf3 c5 10. c3 Nc6 11. Bb5 Na7 12. Be2 Be7 13. O-O c4 14. Nbd2 g5 15. Ne1 Nf8 16. Bh5 Ng6 17.
g3 Bd7 18. Ng2 Nc6 19. f4 gxf4 20. Nxf4 Bg5 21. Qf3 Bxf4 22. gxf4 Nce7 23. Kh1 Rg8 24. Rg1 Nf5 25. Nf1 Qe7 26. Ne3 Nfh4 27. Qf2 O-O-O 28.
b3 Rdf8 29. Ba3 Qd8 30. bxc4 dxc4 31. d5 exd5 32. Bxf8 d4 33. Bg4 dxe3 34. Qxe3 Rxf8 35. Rad1 f5 36. exf6 Rf7 37. Qe4 Kc7 0-1